 Dungeon Crawl Stone Soup version 0.21.1-1-g345015f (webtiles) character file.

709 Autsider the Sneak (level 7, -3/32 HPs)
             Began as a Spriggan Enchanter on Feb 22, 2018.
             Shot with an arrow by a centaur (12 damage)
             ... on level 7 of the Dungeon.
             The game lasted 00:24:00 (6227 turns).

Autsider the Sneak (Spriggan Enchanter)             Turns: 6227, Time: 00:24:00

Health: -3/32      AC:  3    Str:  4    XL:     7   Next: 40%
Magic:  1/18       EV: 18    Int: 17    God:
Gold:   113        SH:  0    Dex: 18    Spells: 10/19 levels left

rFire    . . .     SeeInvis +   o - -3 dagger (curse)
rCold    . . .     Gourm    .   (shield restricted)
rNeg     . . .     Faith    .   b - +0 robe
rPois    .         Spirit   .   (helmet restricted)
rElec    .         Reflect  .   f - +0 cloak
rCorr    .         Harm     .   (gloves unavailable)
MR       +....                  (boots unavailable)
Stlth    ++++......             (no amulet)
HPRegen  0.10/turn              (no ring)
MPRegen  0.16/turn              (no ring)

@: very slightly contaminated, very quick
A: very small, unfitting armour, see invisible, herbivore, speed 3, slow
metabolism 2
a: no special abilities


You were on level 7 of the Dungeon.
You were very hungry.

You visited 1 branch of the dungeon, and saw 6 of its levels.

You collected 113 gold pieces.

Inventory:

Hand Weapons
 a - a +1 dagger
 l - a +0 hunting sling
 o - a cursed -3 dagger (weapon)
 s - the +7 mace of Kucun {crush, rElec Int+4 Stlth+, unknown}
   (You found it on level 4 of the Dungeon)

   It inflicts extra damage upon your enemies.
   It affects your intelligence (+4).
   It insulates you from electricity.
   It makes you more stealthy.
Missiles
 j - 105 stones (quivered)
Armour
 b - a +0 robe (worn)
 f - a +0 cloak (worn)
Wands
 r - a wand of acid (10)
Scrolls
 q - a scroll of fear
Potions
 e - a potion of invisibility {unknown}
 g - a potion of curing {unknown}
 h - a potion of berserk rage {unknown}
 i - a potion of flight {unknown}
 k - a potion of cancellation {unknown}
 m - a potion of might {unknown}
 n - 3 potions of agility {unknown}
 p - a potion of lignification {unknown}
Books
 c - a book of Maledictions

   Spells                             Type                      Level
   a - Corona                         Hexes                        1
   b - Ensorcelled Hibernation        Hexes/Ice                    2
   c - Confuse                        Hexes                        3
   d - Tukima's Dance                 Hexes                        3
   e - Dazzling Spray                 Conjuration/Hexes            3
Comestibles
 d - 4 rations


   Skills:
 + Level 4.4 Short Blades
 - Level 3.0 Dodging
 + Level 7.6 Stealth
 * Level 6.6 Spellcasting
 - Level 5.0 Hexes


You had 10 spell levels left.
You knew the following spells:

 Your Spells              Type           Power        Failure   Level  Hunger
a - Corona                Hex            ###....      1%          1    None
b - Ensorcelled Hibernat  Hex/Ice        ##....       6%          2    None
c - Confuse               Hex            ###.....     4%          3    ##.....
d - Tukima's Dance        Hex            ###.....     4%          3    ##.....


Dungeon Overview and Level Annotations

Branches:
Dungeon (5/15)
 Temple: D:4-7

Altars:


Innate Abilities, Weirdness & Mutations

You are very small and have problems with some larger weapons.
You are too small for most types of armour.
You have supernaturally acute eyesight. (SInv)
You are a herbivore.
You cover ground extremely quickly.
You need consume almost no food.


Message History

You see here an arrow.
Found a robe.
The centaur shoots an arrow.
The arrow barely misses you.
You see here an arrow.
The centaur shoots an arrow.
The arrow closely misses you.
You see here an arrow.
The centaur shoots an arrow.
The arrow hits you!
* * * LOW HITPOINT WARNING * * *
You see here an arrow.
Found a ration.
d - 4 rations (gained 1)
You start resting.
Casting: Ensorcelled Hibernation
Confirm with . or Enter, or press ? or * to list all spells.
Aiming: Ensorcelled Hibernation
Press: ? - help, Shift-Dir - straight line, f/p - centaur
Aim: a centaur, wielding a shortbow (chance to defeat MR: 45%)
The centaur resists with some effort.
The centaur shoots an arrow.
The arrow hits you!
You die...

#.. #.# #.# #.#
#.# ##.###
###########
..>..#
#.......c.#
##...#
#.....###.#
..†..#
#......##@# . .
..#..#
#......##.##.[##
#.#†.#
#....(..........#
.....#
######.###.#..#.#
.....#
#.##.......
#.#### #c##.....#
#.# ##(##....#
#.#
###........##.#
#.#
###....c#.......#


You could see a centaur.

Vanquished Creatures
  A necrophage (D:4)
  A centaur (D:5)
  Blork the orc (D:4)
  2 scorpions (D:4)
  An orc priest (D:7)
  Crazy Yiuf (D:4)
  2 orc wizards
  A worker ant (D:4)
  Robin (D:4)
  4 gnolls (D:4)
  6 adders
  An adder skeleton (D:4)
  2 worms (D:2)
  2 dart slugs
  5 leopard geckos
  14 orcs
  2 ball pythons (D:1)
  8 bats
  5 giant cockroaches
  18 goblins
  8 hobgoblins
  6 jackals
  7 kobolds
  3 quokkas
  8 frilled lizards
  A leopard gecko skeleton (D:4)
  6 rats
117 creatures vanquished.

Notes
Turn   | Place    | Note
-------+----------+-------------------------------------------
     0 | D:1      | Autsider the Spriggan Enchanter began the quest for the Orb.
     0 | D:1      | Reached XP level 1. HP: 9/9 MP: 5/5
   176 | D:1      | Reached XP level 2. HP: 9/13 MP: 6/6
   200 | D:1      | Learned a level 2 spell: Ensorcelled Hibernation
  1027 | D:1      | Reached skill level 5 in Stealth
  1075 | D:2      | Reached XP level 3. HP: 15/16 MP: 4/8
  1715 | D:2      | Reached XP level 4. HP: 21/21 MP: 0/10
  2111 | D:3      | Learned a level 3 spell: Confuse
  2115 | D:3      | Learned a level 3 spell: Tukima's Dance
  2922 | D:3      | Reached XP level 5. HP: 20/24 MP: 11/11
  3433 | D:4      | Reached skill level 6 in Stealth
  3487 | D:4      | Noticed Robin
  4259 | D:4      | Killed Robin
  4259 | D:4      | Reached skill level 5 in Hexes
  4339 | D:4      | Reached XP level 6. HP: 13/28 MP: 5/14
  4992 | D:4      | Reached skill level 5 in Spellcasting
  5059 | D:4      | Noticed Blork the orc
  5067 | D:4      | Killed Blork the orc
  5306 | D:4      | Reached skill level 7 in Stealth
  5406 | D:4      | Reached XP level 7. HP: 29/32 MP: 15/17
  5605 | D:4      | Found a runed door.
  5707 | D:4      | Noticed Crazy Yiuf
  5711 | D:4      | Killed Crazy Yiuf
  5714 | D:4      | Got an ichor-stained mace
  5966 | D:5      | Entered Level 5 of the Dungeon
  6058 | D:5      | You fall through a shaft for 2 floors!
  6227 | D:7      | Shot with an arrow by a centaur

Skill      XL: |  1  2  3  4  5  6 |
---------------+-------------------+-----
Spellcasting   | 3 4 6 |  6.6
Hexes          | 4 5 |  5.0
Stealth        | 5 6 7 |  7.6
Short Blades   | 2 3 4 |  4.4
Dodging        | |  3.0

Action                   |  1- 3 |  4- 6 |  7- 9 || total
-------------------------+-------+-------+-------++-------
Melee: Dagger            |   116 |   469 |   150 ||   735
Throw: Stone             |       |     1 |       ||     1
 Cast: Ensorcelled Hiber |    31 |    69 |    26 ||   126
       Confuse           |       |     6 |     1 ||     7
       Corona            |       |     1 |       ||     1
  Use: Scroll            |     2 |     3 |       ||     5
 Stab: Sleeping          |    33 |    36 |    12 ||    81
       Distracted        |     1 |     1 |       ||     2
       Confused          |       |     4 |       ||     4
  Eat: Ration            |       |     3 |     1 ||     4
Armor: Robe              |    11 |    47 |    12 ||    70
Dodge: Dodged            |    71 |   368 |   111 ||   550
